Cogmind - Beta 14 @@@ ROGUE MODE // 2025.03.05 @ 10:54:02 Player: feather Result: Destroyed by G-34 Mercenary with Small Laser Performance ------------- Evolutions (0) 0 Regions Visited (1) 200 Robots Destroyed (18) 90 Value Destroyed (462) 462 Prototype IDs (0) 0 Alien Tech Used (0) 0 Bonus (0) 0 TOTAL SCORE: 752 Bonus ------- None Cogmind --------- Core Integrity 0/250 Matter 286/300 Energy 100/100 System Corruption 0% Temperature Cool (6) Movement Rolling (115) Ox1 Location -10/Materials Parts ------- > --- POWER (1) -------- (None) > --- PROPULSION (2) --- Compact Wheel > --- UTILITY (2) ------ Large Storage Unit > --- WEAPON (2) ------- (None) > --- INVENTORY (15) --- Light Ion Engine Light Ion Engine Light Nuclear Core Light Treads Wheel Wheel Improved Heat Sink Sensor Array Improved Terrain Scanner Hacking Suite Light Assault Rifle Mining Laser Peak State ------------ > --- POWER ------------ Light Ion Engine > --- PROPULSION ------- Light Treads Light Treads > --- UTILITY ---------- Large Storage Unit Seismic Detector > --- WEAPON ----------- Particle Gun Assault Rifle > --- INVENTORY -------- Light Ion Engine Light Ion Engine Light Nuclear Core Light Treads Wheel Wheel Compact Wheel Compact Wheel Improved Heat Sink Sensor Array Improved Terrain Scanner EM Pulse Gun Light Assault Rifle Mining Laser [Rating: 10] Favorites ----------- Power Light Ion Engine Engine Light Ion Engine Propulsion Light Treads Treads Light Treads Wheel Compact Wheel Utility Seismic Detector Device Seismic Detector Storage Large Storage Unit Weapon Assault Rifle Energy Gun EM Pulse Gun Ballistic Gun Assault Rifle Build | -11 -10 ------- Run | Yrd Mat Slots Evolved . | . . Power . | . . Propulsion . | . . Utility . | . . Weapon . | . . Parts Attached 12 | 7 5 Power 1 | 1 . Engine 1 | 1 . Core . | . . Reactor . | . . Propulsion 4 | 2 2 Treads 2 | 2 . Leg . | . . Wheel 2 | . 2 Hover . | . . Flight . | . . Utility 3 | 2 1 Device 1 | 1 . Storage 2 | 1 1 Processor . | . . Hackware . | . . Protection . | . . Artifact . | . . Weapon 4 | 2 2 Energy Gun 3 | 1 2 Energy Cannon . | . . Ballistic Gun 1 | 1 . Ballistic Cannon . | . . Launcher . | . . Special Weapon . | . . Impact Weapon . | . . Slashing Weapon . | . . Piercing Weapon . | . . Special Melee Weapon . | . . Unidentified Prototypes . | . . Parts Lost 8 | . 8 Power 1 | . 1 Propulsion 3 | . 3 Utility 1 | . 1 Weapon 3 | . 3 Highest Loss Streak 8 | . 8 To Critical Strikes . | . . Average Slot Usage (%) 98 | . 98 Engine 13 | . 13 Treads 27 | . 27 Device 13 | . 13 Storage 14 | . 14 Energy Gun 13 | . 13 Ballistic Gun 13 | . 13 Peak Build Rating 10 | 7 10 Average Rating 8 | 5 8 On Entrance 3 | . 7 Naked Turns . | . . Heaviest Build 29 | 13 29 Greatest Support 40 | 40 40 Greatest Overweight (x) 1 | 1 1 Average Overweight (x) . | . . Largest Inventory Capacity 15 | 8 15 Average Capacity 14 | 7 14 Most Carried 15 | 7 15 Average Carried 10 | 3 11 Final Capacity 15 | 8 15 Final Carried 12 | 7 12 Class Distribution -------------------- 100% | Mutant Dominant Class ---------------- Mutant | -10/Materials Resources | -11 -10 ----------- Run | Yrd Mat Matter Collected 458 | 300 158 Remotely . | . . Salvage Created 702 | 135 567 Parts 41 | 12 29 Haulers Intercepted . | . . Recyclers Shooed 3 | 1 2 Parts Field Recycled . | . . Retrieved Matter . | . . Parts Self-Destructed . | . . Prevented . | . . Kills | -11 -10 ------- Run | Yrd Mat Combat Hostiles Destroyed 9 | . 9 Guns 7 | . 7 AOE 2 | . 2 Classes Destroyed 4 | 2 2 Tunneler 3 | 3 . Recycler 3 | 1 2 Operator 3 | . 3 Grunt 9 | . 9 Best Kill Streak 5 | 3 5 Combat Bots Only 3 | . 3 Max Kills in Single Turn 1 | 1 1 Gunslinging . | . . Exploded 1 | . 1 Melee . | . . Uniques/NPCs Destroyed . | . . Combat | -11 -10 -------- Run | Yrd Mat Hostile Shots Fired 81 | . 81 Missed 16 | . 16 Damage Taken 953 | . 953 Core 251 | . 251 Absorbed by Shields . | . . Core Remaining (%) 100 | 100 . Volleys Fired 70 | 10 60 Largest 2 | 2 2 Hottest 105 | 60 105 Shots Fired 136 | 20 116 Gun 136 | 20 116 Cannon . | . . Launcher . | . . Special . | . . Kinetic 64 | 10 54 Thermal 29 | . 29 Explosive . | . . Electromagnetic 43 | 10 33 Robot Hit Streak 21 | 6 21 Robot Miss Streak 4 | 2 4 Penetration Max . | . . Secondary Targets . | . . Shots Hit Robots 89 | 12 77 Core Hits 36 | 5 31 Critical Kills . | . . Critical Parts Destroyed . | . . Critical Strikes 2 | . 2 Burn 1 | . 1 Corrupt 1 | . 1 Melee Attacks . | . . Impact . | . . Slashing . | . . Piercing . | . . Sneak Attacks . | . . Combat Hostiles . | . . Follow-up Attacks . | . . Damage Inflicted 1409 | 162 1247 Guns 1211 | 162 1049 Cannons . | . . Explosions 198 | . 198 Melee . | . . Ramming . | . . Kinetic 484 | 68 416 Thermal 460 | . 460 Explosive . | . . Electromagnetic 465 | 94 371 Impact . | . . Slashing . | . . Piercing . | . . Highest Corruption . | . . Average Corruption . | . . Corruption Purged . | . . Corruption Blocked . | . . Overload Shots . | . . Overflow Damage 114 | . 114 Projectiles . | . . Explosions 114 | . 114 Melee . | . . Knockbacks . | . . Impact . | . . Kinetic . | . . Secondary . | . . Self-Inflicted Damage 161 | . 161 Shots 3 | . 3 Rammed . | . . Targets Rammed . | . . Kicked . | . . Crushed . | . . Highest Temperature 263 | . 263 Average Temperature 64 | . 64 Received Heat Transfer 444 | . 444 Siege Activations . | . . Robots Corrupted . | . . Combat Hostiles . | . . Parts Fried 3 | . 3 Impact Corruptions . | . . Robots Melted . | . . Combat Hostiles . | . . Parts Melted . | . . Heat Transferred 803 | . 803 Parts Sabotaged . | . . Parts Stolen . | . . Parts Stripped . | . . Power Chain Reactions 2 | . 2 Alert | -11 -10 ------- Run | Yrd Mat Peak Influence 132 | 20 132 Initial 13 | . 13 Average 49 | 8 54 Maximum Alert Level . | . . Low Security (%) 100 | 100 100 Level 1 . | . . Level 2 . | . . Level 3 . | . . Level 4 . | . . Level 5 . | . . High Security . | . . Max Security . | . . Squads Dispatched 4 | . 4 Investigation 1 | . 1 Extermination . | . . Reinforcement 3 | . 3 Assault . | . . Garrison . | . . Intercept . | . . Searches Triggered . | . . Construction Impeded . | . . Haulers Reinforced . | . . Active Scanning Responses . | . . Cargo Convoy Interrupts . | . . Stealth | -11 -10 --------- Run | Yrd Mat Distress Signals 1 | . 1 Communications Jammed . | . . Distress Signals . | . . Times Spotted 19 | . 19 Peak Tracking Total 4 | . 4 Tactical Retreats . | . . Traps | -11 -10 ------- Run | Yrd Mat Traps Triggered . | . . Indirectly . | . . Trap Hack Attempts . | . . Triggered . | . . Disarmed . | . . Reprogrammed . | . . Reused . | . . Traps Extracted . | . . Installed . | . . Triggered . | . . Machines | -11 -10 ---------- Run | Yrd Mat Machines Disabled 4 | . 4 Max in Single Turn 3 | . 3 Machines Repaired . | . . Machines Dismantled . | . . Machines Sabotaged . | . . Overloaded Fab Kills . | . . Hacking | -11 -10 --------- Run | Yrd Mat Machines Accessed 3 | . 3 Terminals 2 | . 2 Fabricators . | . . Repair Stations . | . . Recycling Units 1 | . 1 Scanalyzers . | . . Garrison Access . | . . Total Hacks 8 | . 8 Successful 3 | . 3 Failed 5 | . 5 Catastrophic . | . . Database Lockouts . | . . Manual 7 | . 7 Terminals 7 | . 7 Fabricators . | . . Repair Stations . | . . Recycling Units 1 | . 1 Scanalyzers . | . . Garrison Access . | . . Terminal Hacks 1 | . 1 Robot Analysis 1 | . 1 Fabricator Hacks . | . . Repair Station Hacks . | . . Recycling Unit Hacks 1 | . 1 Retrieve Components 1 | . 1 Scanalyzer . | . . Garrison Access Hacks . | . . Unauthorized Hacks 1 | . 1 Terminals 1 | . 1 Botnet 1 | . 1 Fabricators . | . . Repair Stations . | . . Recycling Units . | . . Scanalyzers . | . . Garrison Access . | . . Data Cores Recovered 1 | . 1 Used 1 | . 1 Hacking Detections 2 | . 2 Full Trace Events 2 | . 2 Feedback Events . | . . Feedback Blocked . | . . Robot Schematics Acquired . | . . Robots Built . | . . Authchips . | . . Time . | . . Total Robot Build Rating . | . . Part Schematics Acquired . | . . Parts Built . | . . Authchips . | . . Time . | . . Total Part Build Rating . | . . Parts Repaired . | . . Time . | . . Parts Recycled . | . . Recycled Matter . | . . Retrieved Matter . | . . Retrieved Components 9 | . 9 Parts Scanalyzed . | . . Part Schematics Acquired . | . . Parts Damaged . | . . Bothacking | -11 -10 ------------ Run | Yrd Mat Used RIF Installer . | . . Robots Hacked . | . . Non-combat . | . . Combat . | . . Robot Hacks Applied . | . . Relay Couplers Released . | . . Fabnet Peak Effective % . | . . Robots Rewired . | . . Allies Hacked . | . . Hacks Repelled . | . . Allies | -11 -10 -------- Run | Yrd Mat Total Allies . | . . Largest Group . | . . Highest-Rated Group . | . . Highest-Rated Ally . | . . Total Orders . | . . Ally Attacks . | . . Total Damage . | . . Kills . | . . Allies Corrupted . | . . Allies Melted . | . . Intel | -11 -10 ------- Run | Yrd Mat Robot Analysis Total 1 | . 1 Derelict Logs Recovered . | . . Drone Launches . | . . Drone Recoveries . | . . Exploration | -11 -10 ------------- Run | Yrd Mat Turns Passed 1265 | 143 1122 Spaces Moved 575 | 68 507 Core 14 | 14 . Treads 543 | 54 489 Legs . | . . Wheels 18 | . 18 Hover . | . . Flight . | . . Fastest Speed 50 | 50 100 Average Speed 156 | 141 158 Slowest Speed 160 | 160 160 Overloaded Moves . | . . Propulsion Burnouts . | . . Robots Hopped . | . . Cave-ins Triggered . | . . Exploration Rate (%) 35 | 6 65 Regions Visited 1 Branch Regions . Pre-discovered Areas . | . . Known Exits Taken . | . . Unknown Exits Taken 1 | 1 . Scrap Searched . | . . Spaces Dug . | . . Terrain Destroyed 31 | . 31 Melee . | . . Projectile . | . . AOE 31 | . 31 Terrain Rammed . | . . Walls Destroyed . | . . Machines Disabled . | . . Actions | -11 -10 --------- Run | Yrd Mat Total 804 | 91 713 Wait 128 | . 128 Move 574 | 67 507 Hop . | . . Pick Up 16 | 7 9 Fast Attach 8 | 7 1 Attach 3 | . 3 Detach 1 | . 1 Swap 1 | . 1 Drop 3 | . 3 Fire 70 | 10 60 Melee . | . . Ram . | . . Kick . | . . Crush . | . . Escape Stasis . | . . Rewire . | . . Trap . | . . Miscellaneous . | . . Route ------- -11/Scrapyard -10/Materials (discovered 3 exits: [*Mat x2] / [*Min]) History --------- Turn | Location | Event 3 | -11/Scrapyard | Discovered new exit (range 15) 144 | -11/Scrapyard | Entered Materials 300 | -10/Materials | Build established: Mutant 1027 | -10/Materials | Discovered new exit (range 13) 1043 | -10/Materials | Discovered new exit (range 10) 1112 | -10/Materials | Discovered new exit (range 15) 1233 | -10/Materials | Core integrity fell below 50% 1260 | -10/Materials | Core integrity fell below 20% 1266 | -10/Materials | Destroyed by G-34 Mercenary with Small Laser Last Messages --------------- 01239_ Chain reaction triggered in Ion Engine. 01239_ Fusion Modulator explodes. 01239_ Lgt. Ion Engine destroyed. 01239_ Destroyed Lgt. Ion Engine. 01239_ Lgt. Treads destroyed. 01239_ Destroyed Lgt. Treads. 01239_ EM Pulse Gun destroyed. 01239_ Destroyed EM Pulse Gun. 01239_ Seismic Detector destroyed. 01239_ Destroyed Seismic Detector. 01239_ Lgt. Treads destroyed. 01239_ Destroyed Lgt. Treads. 01239_ Destroyed Aluminum Leg. 01239_ Terminal disabled. 01239_ Fusion Modulator explodes. 01242_ G-34 Mercenary misfires. 01251_ U-05 Engineer lays Concrete. 01252_ U-05 Engineer builds a Wall. 01257_ Particle Gun destroyed. 01260_ Com. Wheel destroyed. Map ----- +----------------------------------------------------+ | #????????????????????????????????????????????????? | | #????????????????????????????????????? ????????? | | ############?????????????????????????# ????????? | | ## #????????????????????????? ????????? | | ## #??????????????????? ???? ????????? | | ## #??????????????????? ??? ????????? | | ## #???????????????????"" """ #???????? | | ## % #???????????????? """ """ #???????? | | # """ """ #???????????????? """ """ #???????? | | + """ """ #??????????????? #???????? | | # """ """ #??????????????? #?###???? | | ############ ?????????? ## ##### | | +## ??????????? #"""""""# | | # ??????????# " [ | | # ??????????????# " | | + ###/####?????????#????# """"" " [ | | # # #?????????# ???# """"" | | # # #?????????# ??# """"" | | ### # #?????????#"" ?# """"" | | # #?????????#"T # ^""""" | | # #?#########"" + """"" | | + #?#"""""""#????# """"" " | | ########+#####?#" !"| "#???##^ "" / """# | | ?????# #####" ##### ^ g "# | | ?????# g g < "# | | ?????# < @ ## | | ?????# #######? | | ?????# ##### ##### #??????? | | ???#####+####??#########???############## #??????? | | ???# #???????????????????????????# #??????? | | ???# """ #???????????????????????????# #??????? | | ???# """ ! #???????????????????????????# #??????? | | ???# """ #???????????????????????????# #??????? | | ???# #???????????????????????????? #??????? | | ???# """ #???????????????????????????? #??????? | | ???# """ #???????????????????????????? #??????? | | ???# """ #???????????????????????????? ???????? | | ???# #######?????????????????????? ???????? | | ############# #?????????????????????? ???????? | | #??????????????????????????????? | | #??????????????????????????????? | | #??????????????????????????????? | | ############# #??????????????????????????????? | | ??????########% ########????????????????????????? | | ??????# # # T #########????????????????? | | ??????# # # + #????????????????? | | ??????#% %+ +%"""" ####### #????????????????? | | ??????# # # """" #?????# #????????????????? | | ??????# "T" # # """" #?????# #????????????????? | | ??????# """ #% # ####### #????????????????? | +----------------------------------------------------+ Best States ------------- Heat Dissipation 25 Energy Generation 10 Energy Capacity 125 Matter Stores 300 Matter Capacity 300 Sight Range 16 Terrain Scan Density 10 Evasion (%) 40 Recoil Reduction 2 Item Schematics ----------------- None Robot Schematics ------------------ None Fabricated ------------ Nothing Alien Tech Used ----------------- None Achievements -------------- None Challenges ------------ None Game ------ Seed ChargeCompactGravjet Manual? 0 Play Time 00:07:13 Cumulative 115.1 hours Start 2025.03.05 @ 10:45:56 End 2025.03.05 @ 10:54:02 Sessions 1 Manual Loads 0 Difficulty Rogue Special Mode None Game No. 99 Rogue 99 Adventurer 0 Explorer 0 Win Type - Total 1 Types 1/0/0/0/0/0/0/0/0 Lore% 54 Gallery% 60 Achievement% 46 Wizard Run 0 Options --------- Layout 0 ASCII 0 Keyboard 1 Movement Numpad Keybinds 0 Fullscreen 2 Font 16/Tamsyn Map View 75x55 Zoom Use 0% Tactical HUD 1 Map Filters NONE Filters NONE Steam 0 RUN: 3938edc8-aba2-4caf-bb88-40f77c69d44f